 Dungeon Crawl Stone Soup version 0.30-a0-1160-g6e42c06551 (webtiles) character file.

Game seed: 10827742315337597221

1504 Anamonty the Tainter (level 8, -3/53 HPs)
             Began as an Octopode Venom Mage on Apr 26, 2023.
             Shot with a bolt by an orc warrior (20 damage)
             ... on level 7 of the Dungeon.
             The game lasted 00:11:07 (6649 turns).

Anamonty the Tainter (Octopode Venom Mage)          Turns: 6649, Time: 00:11:08

Health: -3/53      AC:  5    Str:  9    XL:     8   Next: 82%
Magic:  4/15       EV: 15    Int: 17    God:
Gold:   189        SH:  0    Dex: 13    Spells: 8/16 levels left

rFire   . . .        (no weapon)
rCold   . . .        (no shield)
rNeg    . . .        (helmet restricted)
rPois   .            (no amulet)
rElec   .            h - +4 ring of protection
rCorr   .            (no ring)
SInv    .            (no ring)
Will    .....        (no ring)
Stlth   +++          (no ring)
HPRegen 0.28/turn    (no ring)
MPRegen 0.14/turn    (no ring)
                     (no ring)

%: no passive effects
@: no status effects
A: almost no armour, amphibious, 8 rings, camouflage 1, gelatinous body 1,
(nimble swimmer 1), tentacles
a: no special abilities


You were on level 7 of the Dungeon.
You visited 2 branches of the dungeon, and saw 8 of its levels.
You also visited: Sewer.

You collected 189 gold pieces.

Inventory:

Hand Weapons
 b - a +0 sling
Missiles
 l - 7 curare-tipped darts (quivered)
Jewellery
 h - a +4 ring of protection (left tentacle)
Scrolls
 c - a scroll of fear
 d - a scroll of identify
 e - a scroll of summoning {unknown}
 f - 4 scrolls of poison
 j - 4 scrolls of silence
 k - 2 scrolls of immolation
 n - 3 scrolls of magic mapping
 p - 6 scrolls of blinking
 v - a scroll of brand weapon {unknown}
Potions
 a - a potion of magic
 g - 2 potions of curing
 i - a potion of mutation {unknown}
 m - 3 potions of brilliance
 o - 2 potions of ambrosia
 q - a potion of haste
 r - 2 potions of might {unknown}
 s - a potion of lignification {unknown}
 t - a potion of heal wounds {unknown}
 u - 2 potions of flight {unknown}


   Skills:
 + Level 3.6 Fighting
 + Level 5.3 Dodging
 - Level 2.6 Stealth
 + Level 0.7 Unarmed Combat
 + Level 4.8 Spellcasting
 + Level 1.3 Transmutations
 - Level 9.0 Poison Magic


You had 8 spell levels left.
You knew the following spells:

 Your Spells              Type           Power      Damage    Failure   Level
a - Sting                 Tmut/Pois      84%        1d7       1%          1
b - Olgreb's Toxic Radia  Pois           34%        N/A       3%          4
c - Mephitic Cloud        Conj/Pois/Air  14%        N/A       13%         3

Your spell library contained the following spells:

 Spells                   Type           Power      Damage    Failure   Level
 Poisonous Vapours        Pois/Air       38%        N/A       3%          2
 Cigotuvi's Dreadful Rot  Necr/Pois/Air  28%        N/A       6%          2
 Ignite Poison            Fire/Tmut/Pois 15%        N/A       11%         3
 Apportation              Tloc           8%         N/A       14%         1
 Magic Dart               Conj           16%        1d3       14%         1
 Necrotise                Necr           16%        1d4       14%         1
 Summon Small Mammal      Summ           16%        N/A       14%         1
 Blink                    Tloc           8%         N/A       22%         2
 Lesser Beckoning         Tloc           8%         N/A       22%         2
 Momentum Strike          Conj/Tloc      8%         3d8       22%         2
 Searing Ray              Conj           8%         2d4       22%         2
 Fulminant Prism          Conj/Hex       2%         3d5       82%         4
 Freezing Cloud           Conj/Ice/Air   2%         6-21      99%         5


Dungeon Overview and Level Annotations

Branches:
Dungeon (7/15)             Temple (1/1) D:4           Sewer (visited)

Altars:
Ashenzari
Cheibriados
Dithmenos
Fedhas
Hepliaklqana
Kikubaaqudgha
Nemelex Xobeh
Ru
Sif Muna
Trog
Vehumet
Wu Jian
Xom
Yredelemnul
Zin
The Shining One


Innate Abilities, Weirdness & Mutations

You cannot wear most types of armour.
You are amphibious.
You can wear up to eight rings at the same time.
Your skin changes colour to match your surroundings (Stealth+).
Your rubbery body absorbs attacks. (AC +1, EV +1)
((You are camouflaged when in or above water. (Stealth+)))
You have tentacles for arms and can constrict up to eight enemies at once.


Message History

There is a stone staircase leading up here.
Casting: Olgreb's Toxic Radiance (dangerous; 3% risk of failure)
Confirm with . or Enter, or press ? or * to list all spells.
You begin to radiate toxic energy.
Something tries to affect you, but you resist.
Unknown command.
Unknown command.
Reactivating autopickup.
You feel a bit more experienced.
You feel a bit more experienced.
Your toxic aura wanes.
You see here a book of Cantrips.
You see here a +0 club.
Things that are here:
a +0 dagger; a +0 robe
l - 7 curare-tipped darts (gained 1)
You see here a +0 dagger.
d - 3 scrolls of identify (gained 1)
As you read the scroll of identify, it crumbles to dust.
k - 2 scrolls of immolation
As you read the scroll of identify, it crumbles to dust.
o - 2 potions of ambrosia You see here a +0 whip.
An orc warrior is nearby!
An orc warrior is nearby!
An orc warrior is nearby!
The orc warrior shouts!
The orc warrior drinks a potion.
The orc warrior seems to speed up.
Casting: Olgreb's Toxic Radiance (dangerous; 3% risk of failure)
Confirm with . or Enter, or press ? or * to list all spells.
You begin to radiate toxic energy.
The orc warrior is poisoned.
The orc warrior unwields a +0 mace.
The orc warrior wields a +0 arbalest.
The orc warrior shoots a bolt.
The bolt misses you.
Unknown command.
The orc warrior looks even sicker.
Your toxic aura wanes.
The orc warrior shoots a bolt.
The bolt hits you!
The orc warrior shoots a bolt.
The bolt hits you!
The orc warrior shoots a bolt.
The bolt hits you!!
You die...

####.####... #...........
#.......# ###.......##.
#.............
#.#.....o..#..
#....)........
#..........### ##
##@.........# ...
#.)#........#
....####.##........# ..
.......>..)........#
[[.#########.)...........#
..#.....#..)..####.......#
...........)...###.......#
................##########
#.........:.....#


You could see an orc warrior (fast, very poisoned).

Vanquished Creatures
  3 ogres
  4 bullfrogs
  3 scorpions
  6 hounds
  A jelly (D:3)
  A gnoll bouda (D:6)
  3 orc priests (D:6)
  2 iguanas
  2 sleepcaps (D:6)
  3 orc wizards
  A gnoll (D:1)
  13 adders
  A river rat (D:6)
  A shadow imp (D:6)
  An ufetubus (D:6)
  2 worms
  6 dart slugs
  16 orcs
  11 ball pythons
  9 endoplasms
  14 giant cockroaches
  8 goblins
  11 hobgoblins
  8 jackals (D:4)
  7 kobolds
  5 quokkas
  3 bats
  9 frilled lizards
  5 rats
159 creatures vanquished.

Vanquished Creatures (others)
  6 fungi (D:6)
  6 plants (D:6)
12 creatures vanquished.

Grand Total: 171 creatures vanquished

Notes
Turn   | Place    | Note
-------+----------+-------------------------------------------
     0 | D:1      | Anamonty the Octopode Venom Mage began the quest for the
                  | Orb.
     0 | D:1      | Reached XP level 1. HP: 11/11 MP: 3/3
    83 | D:1      | Reached skill level 4 in Poison Magic
    83 | D:1      | Reached XP level 2. HP: 8/17 MP: 3/5
   217 | D:1      | Reached XP level 3. HP: 21/21 MP: 6/6
  1575 | D:2      | Reached XP level 4. HP: 27/27 MP: 5/7
  1799 | D:2      | Found a faded altar of an unknown god.
  2029 | D:3      | Reached skill level 5 in Poison Magic
  2406 | D:3      | Found a shimmering altar of Xom.
  2436 | D:3      | HP: 1/27 [crimson imp/+2 dagger of chaos (3)]
  2594 | D:3      | Learned a level 4 spell: Olgreb's Toxic Radiance
  2709 | D:3      | Reached XP level 5. HP: 31/31 MP: 1/9
  3097 | D:4      | Reached skill level 6 in Poison Magic
  3097 | D:4      | Reached XP level 6. HP: 34/36 MP: 4/10
  3101 | D:4      | Learned a level 3 spell: Mephitic Cloud
  3243 | D:4      | Found a staircase to the Ecumenical Temple.
  3259 | Temple   | Entered the Ecumenical Temple
  4086 | D:5      | Entered Level 5 of the Dungeon
  4087 | D:5      | Noticed an ice beast
  4353 | D:5      | Identified the +1 ring mail of Prudence {rElec Stlth+}
  4528 | D:5      | Reached skill level 1 in Fighting
  4534 | D:5      | Reached skill level 7 in Poison Magic
  4534 | D:5      | Reached XP level 7. HP: 34/43 MP: 2/12
  5172 | D:6      | Reached XP level 8. HP: 51/51 MP: 9/14
  5181 | D:6      | Reached skill level 8 in Poison Magic
  5320 | D:6      | Found a blossoming altar of Fedhas.
  5382 | D:6      | Found a glowing drain.
  5390 | Sewer    | Entered a sewer
  5776 | D:6      | Reached skill level 5 in Dodging
  5869 | D:6      | Found a shimmering blue altar of Sif Muna.
  5869 | D:6      | Found an ancient bone altar of Kikubaaqudgha.
  5872 | D:6      | Found a radiant altar of Vehumet.
  6562 | D:7      | Reached skill level 9 in Poison Magic
  6649 | D:7      | Shot with a bolt by an orc warrior

Illustrated notes

Levels and vault maps discovered:
D:1:      elethiomel_arrival_fortress_basement, layout_basic,
          minmay_pentomino_v2
D:2:      minmay_razor_zed, layout_basic,
          hellmonk_ecumenical_altar_inner_sanctum
D:3:      layout_loops_cross, grunt_temple_overflow_champion_of_chaos,
          minmay_three_crescents
D:4:      layout_loops_cross, minmay_temple_entry_hall
D:5:      layout_loops_ring
D:6:      layout_loops_corners, grunt_temple_overflow_magic_moments,
          fedhas_altar_3, portal_sewer_entry_b, nicolae_zen_rock_garden,
          hellmonk_no_cap
D:7:      layout_rooms, mainiacjoe_overflow_brackets,
          gammafunk_temple_overflow_pools, gammafunk_ghost_smash
Temple:   nicolae_temple_bog_church

Skill      XL: |  1  2  3  4  5  6  7  8 |
---------------+-------------------------+-----
Poison Magic   | 4 5 6 7 9 |  9.0
Dodging        | 3 4 5 |  5.3
Spellcasting   | 3 4 |  4.8
Fighting       | 1 2 3 |  3.6
Stealth        | |  2.6
Unarmed Combat | |  0.7
Transmutations | |  1.3

Action                     |  1- 3 |  4- 6 |  7- 9 || total
---------------------------+-------+-------+-------++-------
  Melee: Unarmed           |     3 |       |    82 ||    85
         Constrict         |     3 |       |    23 ||    26
         Tentacles         |     2 |       |    19 ||    21
         Punch             |       |       |     4 ||     4
   Fire: Sling             |    74 |   168 |     6 ||   248
  Throw: Dart              |       |     2 |     1 ||     3
   Cast: Sting             |    22 |    37 |    12 ||    71
         Olgreb's Toxic Ra |       |    13 |    25 ||    38
         Mephitic Cloud    |       |       |     2 ||     2
    Use: Scroll            |       |     4 |     4 ||     8
         Potion            |       |     1 |       ||     1
   Stab: Sleeping          |     1 |       |     1 ||     2
 Armour: Skin              |    11 |    32 |    25 ||    68
  Dodge: Dodged            |    23 |   100 |    71 ||   194

Table legend: (Time is in decaauts)
 A = Elapsed time spent in this place.
 B = Non-inter-level travel time spent in this place.
 C = Inter-level travel time spent in this place.
 D = Time resting spent in this place.
 E = Time spent auto-exploring this place.
 F = Levels seen in this place.
 G = Mean time per level.
                   A        B        C        D        E       F      G
               +--------+--------+--------+--------+--------+-----+--------+
         Total |   6759 |   6459 |    300 |      0 |   4877 |   9 |  751.0 |
       Dungeon |   6248 |   5978 |    270 |      0 |   4520 |   7 |  892.6 |
        Temple |    158 |    128 |     30 |      0 |    119 |   1 |  158.0 |
         Sewer |    351 |    351 |      0 |      0 |    238 |   1 |  351.0 |
               +--------+--------+--------+--------+--------+-----+--------+

Top non-repeatable levels by time:
     D:6: 1455 daAuts
     D:4: 1238 daAuts
     D:2: 1220 daAuts
     D:3: 881 daAuts
     D:1: 796 daAuts
     D:5: 555 daAuts
   Sewer: 351 daAuts
  Temple: 158 daAuts
     D:7: 100 daAuts
